 Dungeon Crawl Stone Soup version 0.30.0-5-g1a98f26d00 (webtiles) character file.

Game seed: 4795055959592652924

59 edwardauron the Shooter (level 3, -3/29 HPs)
             Began as a Demigod Hunter on May 12, 2023.
             Killed from afar by Natasha (10 damage)
             ... with a magic dart
             ... on level 2 of the Dungeon.
             The game lasted 00:01:27 (1052 turns).

edwardauron the Shooter (Demigod Hunter)            Turns: 1052, Time: 00:01:28

Health: -3/29      AC:  3    Str: 12    XL:     3   Next: 54%
Magic:  5/5        EV: 12    Int: 11    God:
Gold:   66         SH:  0    Dex: 21    Spells: 2/2 levels left

rFire   . . .        a - +0 shortbow
rCold   . . .        (shield currently unavailable)
rNeg    . . .        c - +0 leather armour
rPois   +            (no helmet)
rElec   .            (no cloak)
rCorr   .            (no gloves)
SInv    .            (no boots)
Will    .....        (no amulet)
Stlth   ++           o - ring of poison resistance
HPRegen 0.24/turn    (no ring)
MPRegen 0.09/turn

%: no passive effects
@: no status effects
A: high MP 1, forlorn, divine attributes
a: no special abilities


You were on level 2 of the Dungeon.
You visited 1 branch of the dungeon, and saw 2 of its levels.

You collected 66 gold pieces.

Inventory:

Hand Weapons
 a - a +0 shortbow (weapon)
 b - the +5 short sword of the Seven Spirits {vamp, Str+5}
   (You found it on level 2 of the Dungeon)

   Str:       It affects your strength (+5).
Armour
 c - a +0 leather armour (worn)
Jewellery
 k - an amulet of magic regeneration
 o - a ring of poison resistance (left hand)
Scrolls
 d - 2 scrolls of identify {unknown}
 h - a scroll of silence {unknown}
 l - a scroll of enchant armour {unknown}
 m - a scroll of immolation
Potions
 e - 2 potions of might {unknown}
 f - 2 potions of curing {unknown}
 g - a potion of heal wounds {unknown}
 i - a potion of ambrosia {unknown}
 j - a potion of brilliance {unknown}
 n - a potion of degeneration {unknown}


   Skills:
 + Level 2.0 Fighting
 + Level 4.6 Ranged Weapons
 + Level 0.5 Armour
 + Level 2.0 Dodging
 - Level 0.8 Stealth


You had 2 spell levels left.
You didn't know any spells.
Your spell library contained the following spells:

 Spells                   Type           Power      Damage    Failure   Level
 Blink                    Tloc           0%         N/A       56%         2
 Lesser Beckoning         Tloc           0%         N/A       56%         2
 Momentum Strike          Conj/Tloc      0%         3d8       56%         2
 Sublimation of Blood     Necr           0%         N/A       56%         2
 Wereblood                Tmut           0%         N/A       56%         2
 Volatile Blastmotes      Fire/Tloc      0%         2d10      80%         3
 Fulminant Prism          Conj/Hex       0%         3d5       99%         4
 Iskenderun's Mystic Bla  Conj/Tloc      0%         2d3       99%         4
 Leda's Liquefaction      Hex/Erth       0%         N/A       99%         4
 Lee's Rapid Deconstruct  Erth           0%         3d4*      100%        5
 Statue Form              Tmut/Erth      0%         N/A       100%        6
 Summon Hydra             Summ           0%         N/A       100%        7


Dungeon Overview and Level Annotations

Branches:
Dungeon (2/15)

Annotations:
D:2 Natasha


Innate Abilities, Weirdness & Mutations

You have an increased reservoir of magic. (+10% MP)
You shall have no god before yourself.
Your divine heritage dramatically boosts your attributes as you level up.


Message History

The arrow hits the endoplasm but does no damage.
You shoot an arrow. The arrow hits the endoplasm!
You kill the endoplasm!
No target in view!
HP restored.
You see here a +0 club.
You now have 66 gold pieces (gained 6).
Found 6 stones.
No target in view!
Natasha, Servant of Life and Death comes into view.
You shoot an arrow. The arrow barely misses Natasha.
Natasha casts a spell.
You shoot an arrow. The arrow closely misses Natasha.
The arrow misses the cerulean imp.
You shoot an arrow. The arrow misses Natasha.
You shoot an arrow. The arrow closely misses Natasha.
Natasha casts a spell at you. The magic dart hits you!
You shoot an arrow. The arrow closely misses Natasha.
Natasha barely misses you.
The cerulean imp hits you from afar with a +0 spear.
Natasha claws you! The cerulean imp closely misses you.
You are too injured to fight recklessly!
You are too injured to fight recklessly!
Fire: a) +0 shortbow
Press: ? - help, Q - select action Shift-Dir - straight line, f/p - Natasha
Aim: Natasha (59% to hit)
You shoot an arrow.
The arrow hits Natasha but does no damage.
Natasha closely misses you.
The cerulean imp hits you from afar with a +0 spear.
* * * LOW HITPOINT WARNING * * *
Fire: a) +0 shortbow
Press: ? - help, Q - select action Shift-Dir - straight line, f/p - Natasha
Aim: Natasha (59% to hit)
You shoot an arrow. The arrow misses Natasha.
Natasha growls.
Natasha casts a spell at you. The magic dart hits you!
You die...

#.####....#
#....<..# #.#.#'#.#
#.#.#.#.# ###
#.#.#.#.# ..
#.#.#.#.# #.
#.#.#.#.#
#.######.#.#.#.#
#.@......#.#.#.#
#####h........# #.#
(....5.........# #.#
##...#.........#.#.#
#...#...........#.#
#.. ##'''#...####.#
#..
#...#...####.#### #.
#...#........)...
#...#########....


You could see Natasha and a cerulean imp (summoned).

Vanquished Creatures
  Natasha (D:2)
  4 bats
  4 endoplasms
  A giant cockroach (D:1)
  4 goblins
  4 hobgoblins
  6 kobolds
  2 ball pythons (D:1)
  3 frilled lizards
  2 rats
31 creatures vanquished.

Notes
Turn   | Place    | Note
-------+----------+-------------------------------------------
     0 | D:1      | edwardauron the Demigod Hunter began the quest for the Orb.
     0 | D:1      | Reached XP level 1. HP: 17/17 MP: 3/3
   165 | D:1      | Reached skill level 4 in Ranged Weapons
   238 | D:1      | Reached XP level 2. HP: 24/24 MP: 4/4
   877 | D:2      | Identified the +5 short sword of the Seven Spirits {vamp,
                  | Str+5}
   938 | D:2      | Noticed Natasha
   948 | D:2      | Killed Natasha
   949 | D:2      | Reached XP level 3. HP: 12/29 MP: 5/5
  1045 | D:2      | Noticed Natasha
  1052 | D:2      | Killed from afar by Natasha

Illustrated notes

Levels and vault maps discovered:
D:1:      lemuel_arrival_muddy, layout_rooms, roderic_serpentine_path,
          minmay_pentomino_o4
D:2:      layout_basic, hellmonk_ecumenical_altar_pennies_from_heaven,
          kennysheep_cross_bottleneck, serial_bayou_pond_e, uniq_robin,
          uniq_natasha

Skill      XL: |  1  2 |
---------------+-------+-----
Ranged Weapons | 4 |  4.6
Dodging        | 2 |  2.0
Fighting       | 2 |  2.0
Armour         | |  0.5
Stealth        | |  0.8

Action                     || total
---------------------------++-------
   Fire: Shortbow          ||   102
 Armour: Leather armour    ||    15
  Dodge: Dodged            ||    41
